 Dungeon Crawl Stone Soup version 0.31-a0-920-g28cbb04a8c (webtiles) character file.

Game seed: 16539315146132802017

7237 D12ThenQuit the Fighter (level 11, -6/82 HPs)
             Began as an Octopode Fighter on Oct 17, 2023.
             Mangled by an ice devil (22 damage)
             ... on level 9 of the Dungeon.
             The game lasted 00:39:16 (9293 turns).

D12ThenQuit the Fighter (Octopode Fighter)          Turns: 9293, Time: 00:39:16

Health: -6/82      AC:  2    Str: 15      XL:     11   Next: 12%
Magic:  14/14      EV: 18    Int: 13      God:
Gold:   308        SH:  7    Dex: 15 (16) Spells: 15/15 levels left

rFire   . . .        I - +1 rapier
rCold   . . .        f - +2 buckler
rNeg    . . .        (helmet restricted)
rPois   +            (no amulet)
rElec   .            l - ring of poison resistance
rCorr   +            r - ring of resist corrosion
SInv    .            A - ring of wizardry
Will    .....        (no ring)
Stlth   ++++         (no ring)
HPRegen 0.33/turn    (no ring)
MPRegen 0.14/turn    (no ring)
                     (no ring)

%: wizardry (x1)
@: no status effects
A: almost no armour, amphibious, 8 rings, camouflage 1, gelatinous body 1,
(nimble swimmer 1), tentacles, agile 1, shaggy fur 1, inability to read after
injury 1
a: no special abilities


You were on level 9 of the Dungeon.
You visited 2 branches of the dungeon, and saw 10 of its levels.
You also visited: Sewer.

You collected 308 gold pieces.

Inventory:

Hand Weapons
 a - a +1 dagger of draining
 b - a +0 sling
 p - a +0 falchion of flaming
 z - a +0 dagger of distortion
 H - a +4 halberd of freezing
 I - a +1 rapier (weapon)
Missiles
 u - 16 poisoned darts
Armour
 f - a +2 buckler (worn)
Magical Staves
 j - a staff of conjuration
 s - a staff of air
 C - a staff of earth
Jewellery
 l - a ring of poison resistance (left tentacle)
 r - a ring of resist corrosion (right tentacle)
 A - a ring of wizardry (on tentacle)
 F - a ring of wizardry
 J - a ring of magical power
Wands
 y - a wand of charming (9)
 E - a wand of flame (17)
Scrolls
 c - a scroll of blinking
 h - a scroll of enchant weapon
 i - a scroll of noise
 v - 3 scrolls of torment {unknown}
Potions
 d - 2 potions of lignification
 e - a potion of cancellation
 g - a potion of heal wounds
 k - a potion of resistance
 m - a potion of brilliance
 o - 2 potions of attraction
 q - 2 potions of curing
 t - a potion of magic {unknown}
 x - a potion of ambrosia {unknown}
 B - a potion of enlightenment {unknown}
 D - a potion of haste
 G - a potion of experience


   Skills:
 - Level 10.3 Fighting
 - Level 10.0 Short Blades
 - Level 10.3 Dodging
 - Level 5.0 Stealth
 + Level 3.7 Shields
 + Level 2.5 Spellcasting


You had 15 spell levels left.
You didn't know any spells.
Your spell library was empty.

Dungeon Overview and Level Annotations

Branches:
Dungeon (9/15)             Temple (1/1) D:4           Sewer (visited)
   Lair: D:8-11         Orc: D:9-12

Altars:
Ashenzari
Cheibriados
Dithmenos
Elyvilon
Fedhas
Gozag
Hepliaklqana
Kikubaaqudgha
Makhleb
Nemelex Xobeh
Okawaru
Qazlal
Ru
Trog
Uskayaw
Xom
Yredelemnul
Zin
The Shining One

Shops:
D:8 :[

Annotations:
D:3 Natasha
D:4 Dowan, Sigmund


Innate Abilities, Weirdness & Mutations

You cannot wear most types of armour.
You are amphibious.
You can wear up to eight rings at the same time.
Your skin changes colour to match your surroundings (Stealth+).
Your rubbery body absorbs attacks. (AC +1, EV +1)
((You are camouflaged when in or above water. (Stealth+)))
You have tentacles for arms and can constrict up to eight enemies at once.
You are agile. (Dex +4, Str/Int -1)
You are covered in fur. (AC +1)
You occasionally lose the ability to read scrolls when taking damage.


Message History

You constrict the killer bee. x2; The killer bee completely misses you.
You block the killer bee's attack.
You barely miss the killer bee. You squeeze the killer bee!
The killer bee is almost dead.
You constrict the killer bee.
You kill the killer bee!
You constrict the killer bee. The killer bee misses you.
You hit the killer bee. You drain the killer bee.
You kill the killer bee!
Found a quarterstaff.
Found 3 scrolls labelled XONNYU KUNWEAS.
v - 3 scrolls labelled XONNYU KUNWEAS
Found 12 gold pieces.
Found a blossoming altar of Fedhas.
A kobold comes into view. It is wielding a +0 war axe.
I - a +1 rapier (weapon)
Throw: throwing net
Press: ? - help, Q - select action, (/) - cycle Shift-Dir - straight line, f - ice devil
Aim: an ice devil (62% to hit)
You throw a throwing net.
The throwing net barely misses the ice devil.
The ice devil hits you! The ice devil freezes you!
You barely miss the ice devil. Your grab misses the ice devil.
You squeeze the ice devil, but do no damage.
The ice devil hits you! The ice devil freezes you!
You hit the ice devil. You grab the ice devil.
You squeeze the ice devil, but do no damage.
The ice devil is lightly wounded.
You constrict the ice devil, but do no damage.
The ice devil barely misses you.
You hit the ice devil.
The ice devil is moderately wounded.
You constrict the ice devil. You hit the ice devil but do no damage.
The ice devil is moderately wounded.
You constrict the ice devil, but do no damage.
The ice devil hits you!
* * * LOW HITPOINT WARNING * * *
The ice devil freezes you!!
You die...

.. .. ..........yy...
...###. ...K......y..4.
......####.....)....4...(
..........$?...........
.#####.................K..
.................$......<.
#########.###...........K.
#4# ####....##..#. #@#
#..........
###.#####.....###...
#.......... # #. .
##.....#... #. .
##.##...## .. . #........#
#........# #.........
#.........


You could see an ice devil.

Vanquished Creatures
  2 ice devils (D:9)
  A red devil (D:9)
  A troll (D:9)
  Eustachio (D:5)
  A steam dragon (D:8)
  Menkaure (D:4)
  Duvessa (D:4)
  A black bear (D:5)
  2 centaurs
  2 phantoms
  A gnoll sergeant (D:8)
  5 bullfrogs
  9 scorpions
  5 wights (D:7)
  6 killer bees (D:9)
  A howler monkey (D:4)
  6 hounds
  A quasit (D:9)
  3 gnoll boudas
  4 jellies
  5 orc priests
  3 sleepcaps
  5 iguanas
  11 orc wizards
  Terence (D:2)
  19 gnolls
  6 river rats (Sewer)
  10 adders
  3 shadow imps
  4 worms
  2 dart slugs
  23 orcs
  3 bats
  8 endoplasms
  5 giant cockroaches
  7 hobgoblins
  5 jackals (D:2)
  7 kobolds
  6 quokkas
  8 ball pythons
  7 frilled lizards
  7 goblins
  13 rats
222 creatures vanquished.

Vanquished Creatures (others)
  An orc warrior (D:7)
  An orc priest (D:7)
  2 orcs (D:7)
4 creatures vanquished.

Grand Total: 226 creatures vanquished

Notes
Turn   | Place    | Note
-------+----------+-------------------------------------------
     0 | D:1      | D12ThenQuit the Octopode Fighter began the quest for the
                  | Orb.
     0 | D:1      | Reached XP level 1. HP: 16/16 MP: 1/1
    75 | D:1      | Reached skill level 1 in Stealth
   152 | D:1      | You fall into a shaft and drop 1 floor!
   169 | D:2      | Reached XP level 2. HP: 21/21 MP: 2/2
   326 | D:1      | Reached XP level 3. HP: 24/26 MP: 3/3
   757 | D:2      | Noticed Terence
   788 | D:2      | Killed Terence
   789 | D:2      | Reached XP level 4. HP: 28/31 MP: 4/4
  1314 | D:3      | Reached XP level 5. HP: 34/36 MP: 5/5
  1402 | D:3      | Noticed Natasha
  1972 | D:3      | Reached skill level 5 in Stealth
  2415 | D:4      | Reached skill level 5 in Short Blades
  2415 | D:4      | Reached XP level 6. HP: 38/42 MP: 6/6
  2478 | D:4      | Found a glowing drain.
  2494 | Sewer    | Entered a sewer
  2920 | D:4      | Noticed Sigmund
  2924 | D:4      | Noticed Menkaure
  2933 | D:4      | Killed Menkaure
  2934 | D:4      | Reached XP level 7. HP: 36/46 MP: 7/7
  3140 | D:4      | Found a staircase to the Ecumenical Temple.
  3145 | D:4      | Noticed Duvessa
  3149 | Temple   | Entered the Ecumenical Temple
  3159 | D:4      | Noticed Dowan
  3622 | D:3      | Found a glowing golden altar of the Shining One.
  3780 | D:5      | Entered Level 5 of the Dungeon
  4046 | D:5      | Reached XP level 8. HP: 53/53 MP: 8/8
  4412 | D:5      | Noticed a shadow
  4678 | D:5      | Noticed Eustachio
  4691 | D:5      | Killed Eustachio
  4692 | D:5      | Reached skill level 5 in Fighting
  4692 | D:5      | Reached skill level 5 in Dodging
  5140 | D:4      | Killed Duvessa
  5149 | D:3      | Reached XP level 9. HP: 28/62 MP: 9/9
  5451 | D:4      | Found a snail-covered altar of Cheibriados.
  6023 | D:6      | Found a stormy altar of Qazlal.
  6254 | D:6      | Found a sacrificial altar of Ru.
  7037 | D:7      | Found a basalt altar of Yredelemnul.
  7114 | D:7      | Reached skill level 10 in Short Blades
  7114 | D:7      | Reached XP level 10. HP: 64/76 MP: 10/10
  7123 | D:7      | Gained mutation: You occasionally lose the ability to read
                  | scrolls when taking damage. [potion of mutation]
  7123 | D:7      | Gained mutation: You are covered in fur. (AC +1) [potion of
                  | mutation]
  7123 | D:7      | Gained mutation: You are agile. (Dex +4, Str/Int -1)
                  | [potion of mutation]
  7375 | D:7      | Reached skill level 10 in Fighting
  7502 | D:7      | Reached skill level 10 in Dodging
  8027 | D:8      | Found Dedeass's Armour Shop.
  8039 | D:8      | Found Don Lihod's Tremendous Tomes.
  8086 | D:8      | Reached skill level 1 in Spellcasting
  8711 | D:8      | Found a shadowy altar of Dithmenos.
  9043 | D:9      | Reached XP level 11. HP: 82/82 MP: 13/13
  9226 | D:9      | Noticed a sixfirhy
  9282 | D:9      | Found a blossoming altar of Fedhas.
  9293 | D:9      | Mangled by an ice devil

Illustrated notes

Levels and vault maps discovered:
D:1:      matt_arrival_los_fun, layout_rooms, serial_glass, glass_columns_a,
          glass_columns_b, minmay_strange_pillars
D:2:      layout_basic, uniq_terence
D:3:      layout_basic, tso_metal_star, nicolae_grassy_gnolls, uniq_natasha
D:4:      layout_rooms, cheibrodos_worm_habitat, minmay_temple_entry_ruins,
          cheibrodos_sewer_entry_bend, uniq_duvessa, uniq_menkaure, uniq_sigmund
D:5:      layout_loops_ring, hangedman_decor_opposing, serial_bayou_pond_b,
          water_maze_lemuel, uniq_eustachio
D:6:      layout_loops_ring, lemuel_doored_altar, grunt_qazlal_clouds
D:7:      layout_cave_pools, mainiacjoe_overflow_brackets
D:8:      layout_basic, nicolae_dithmenos_through_a_glass_darkly, serial_shops,
          shop, serial_park_tiny_1, nicolae_shop_i_like_big_books
D:9:      layout_rooms, nicolae_overflow_crystal_walls,
          grunt_temple_overflow_diamond, serial_demonic, serial_demonic_f,
          serial_demonic_g, serial_demonic_d, serial_demonic_b,
          chequers_serial_rivers_large_b, uniq_joseph
Temple:   minmay_temple_forest_path

Skill      XL: |  1  2  3  4  5  6  7  8  9 10 11 |
---------------+----------------------------------+-----
Stealth        | 1 2 3 4 5 |  5.0
Short Blades   | 3 5 6 7 8 10 | 10.0
Fighting       | 5 9 10 | 10.3
Dodging        | 5 9 10 | 10.3
Spellcasting   | 1 2 |  2.5
Shields        | |  3.7

Action                     |  1- 3 |  4- 6 |  7- 9 | 10-12 || total
---------------------------+-------+-------+-------+-------++-------
  Melee: Rapier            |    82 |   138 |   268 |   110 ||   598
         Constrict         |    12 |    21 |    36 |    42 ||   111
         Tentacles         |     9 |    21 |    69 |    62 ||   161
         Punch             |       |     1 |     5 |     2 ||     8
         Dagger            |       |       |       |    88 ||    88
   Fire: Sling             |       |    13 |    13 |     6 ||    32
  Throw: Dart              |       |       |     9 |       ||     9
         Throwing net      |       |       |       |     5 ||     5
  Evoke: Wand              |       |       |       |     2 ||     2
    Use: Potion            |     1 |     5 |     4 |     5 ||    15
         Scroll            |       |     4 |    10 |     7 ||    21
   Stab: Sleeping          |     9 |    32 |    16 |     6 ||    63
         Distracted        |       |       |     1 |     1 ||     2
         Held in net/web   |       |       |       |     4 ||     4
         Invisible         |       |       |       |     1 ||     1
 Armour: Skin              |    32 |    37 |   113 |    64 ||   246
  Dodge: Dodged            |    30 |    52 |    95 |   101 ||   278
  Block: Buckler           |    16 |    16 |    52 |    62 ||   146

Table legend: (Time is in decaauts)
 A = Elapsed time spent in this place.
 B = Non-inter-level travel time spent in this place.
 C = Inter-level travel time spent in this place.
 D = Time resting spent in this place.
 E = Time spent auto-exploring this place.
 F = Levels seen in this place.
 G = Mean time per level.
                   A        B        C        D        E       F      G
               +--------+--------+--------+--------+--------+-----+--------+
         Total |   9172 |   8734 |    438 |   1955 |   1780 |  11 |  833.8 |
       Dungeon |   8788 |   8350 |    438 |   1955 |   1627 |   9 |  976.4 |
        Temple |      6 |      6 |      0 |      0 |      0 |   1 |    6.0 |
         Sewer |    377 |    377 |      0 |      0 |    153 |   1 |  377.0 |
               +--------+--------+--------+--------+--------+-----+--------+

Top non-repeatable levels by time:
     D:3: 1845 daAuts
     D:6: 1243 daAuts
     D:5: 1135 daAuts
     D:4: 1077 daAuts
     D:8: 969 daAuts
     D:7: 965 daAuts
     D:2: 735 daAuts
     D:1: 573 daAuts
   Sewer: 377 daAuts
     D:9: 242 daAuts
  Temple: 6 daAuts
